 Dungeon Crawl Stone Soup version 0.22-a0-608-g8a62e23 (webtiles) character file.

331 sking99 the Insei (level 6, -9/45 HPs)
             Began as a Draconian Transmuter on July 9, 2018.
             Was a Follower of Hepliaklqana.
             Killed from afar by Sigmund (10 damage)
             ... with a puff of flame
             ... on level 3 of the Dungeon.
             The game lasted 00:04:47 (3174 turns).

sking99 the Insei (Draconian Transmuter)            Turns: 3174, Time: 00:04:49

Health: -9/45      AC:  7    Str: 17 (18) XL:     6   Next: 26%
Magic:  9/9        EV: 12    Int: 12 (13) God:    Hepliaklqana [*.....]
Gold:   199        SH:  0    Dex: 12 (13) Spells: 6/9 levels left

rFire    . . .     SeeInvis .     - Unarmed
rCold    . . .     Gourm    .   (no shield)
rNeg     . . .     Faith    .   (armour unavailable)
rPois    .         Spirit   .   l - +1 hat
rElec    .         Reflect  .   (no cloak)
rCorr    .         Harm     .   (no gloves)
MR       .....                  (no boots)
Stlth    +.........             (no amulet)
HPRegen  0.15/turn              (no ring)
MPRegen  0.11/turn              (no ring)

@: mighty, lethally poisoned (-9 -> -12)
A: unfitting armour, reduced essence, cold-blooded, AC +6
a: Recall Ancestor, Ancestor Identity, Renounce Religion


You were on level 3 of the Dungeon.
You worshipped Hepliaklqana.
Hepliaklqana was aware of your devotion.
You were hungry.

You visited 1 branch of the dungeon, and saw 3 of its levels.

You collected 199 gold pieces.

Inventory:

Missiles
 a - 19 arrows
Armour
 l - a +1 hat (worn)
Wands
 g - a wand of disintegration (8)
Scrolls
 e - a scroll of enchant weapon
Potions
 d - a potion of mutation
 f - a potion of degeneration
 i - a potion of flight {unknown}
 j - a potion of lignification {unknown}
 n - a potion of berserk rage {unknown}
 p - 2 potions of agility {unknown}
Comestibles
 c - 4 rations
 k - 7 chunks of flesh


   Skills:
 + Level 3.5 Fighting
 - Level 1.7 Dodging
 * Level 5.4 Unarmed Combat
 - Level 2.0 Spellcasting
 + Level 3.6 Transmutations


You had 6 spell levels left.
You knew the following spells:

 Your Spells              Type           Power        Failure   Level  Hunger
a - Beastly Appendage     Tmut           ##....       6%          1    ##.....
b - Sticks to Snakes      Tmut           ##......     9%          2    ###....

Your spell library contained the following spells:

 Spells                   Type           Power        Failure   Level  Hunger
 Spider Form              Tmut/Pois      #.........   36%         3    ####...
 Blade Hands              Tmut           ##........   86%         5    ######.
 Ice Form                 Ice/Tmut       #.......     77%         4    #####..


Dungeon Overview and Level Annotations

Branches:
Dungeon (3/15)

Altars:
Cheibriados
Hepliaklqana
Qazlal

Annotations:
D:3 Sigmund


Innate Abilities, Weirdness & Mutations

Your plain brown scales are hard. (AC +6)
You cannot fit into any form of body armour.
You are cold-blooded and may be slowed by cold attacks.
Your life essence is reduced to manifest your ancestor. (-10% HP)


Message History

Iltani hits Natasha.
Natasha mumbles some strange words.
Natasha shimmers violently.
Natasha claws Iltani but does no damage.
It was a potion of degeneration.
There was something very wrong with that liquid.
You feel weakened.
You feel dopey.
You feel clumsy.
You hear some strange, mumbled words.
Something tries to affect you, but you resist.
Iltani hits Natasha.
Natasha dies!
Natasha yowls pathetically as she dies!
It was a potion of might.
You feel very mighty all of a sudden.
* * * LOW HITPOINT WARNING * * *
You feel sick.
You hear some strange, mumbled words.
A puff of flame appears from out of thin air!
The puff of flame hits you!
You die...

### *,,,* ###.>..#########.....
..# *,,,* ##.#.# #####. #.# *****
#.#.# #. #.# #.#.# #. #.# #†#.#
#. #'###### #R#.# #. .......#
#.#.#############. .......#
#{#.#............. .......#
#@#.#.############ .......#
#.#.#.#........... .......#
#.#.#.#.#########. .......#
###+#.#.#.# #<....#) .......#
#.....#.#.# #####.#. .......#
#.....#.#.#######.#.
#'############.....#.#......##.#.
#..................#.######.##.#.
##################.#.#....#.##.#.


You could see the friendly Iltani the ancestor.

Vanquished Creatures
  Grinder (D:3)
  4 adders
  An ooze (D:3)
  A worm (D:2)
  2 dart slugs
  2 leopard geckos (D:2)
  6 orcs (D:3)
  2 ball pythons
  6 bats
  5 giant cockroaches
  12 goblins
  3 hobgoblins
  2 jackals (D:1)
  3 kobolds
  A quokka (D:2)
  3 frilled lizards
  4 rats
58 creatures vanquished.

Vanquished Creatures (collateral kills)
  Natasha (D:3)
  2 worms (D:2)
  A leopard gecko (D:2)
  A giant cockroach (D:2)
  A goblin (D:2)
  A hobgoblin (D:2)
  2 jackals (D:2)
  A quokka (D:2)
10 creatures vanquished.

Grand Total: 68 creatures vanquished

Notes
Turn   | Place    | Note
-------+----------+-------------------------------------------
     0 | D:1      | sking99 the Draconian Transmuter began the quest for the Orb.
     0 | D:1      | Reached XP level 1. HP: 16/16 MP: 3/3
   111 | D:1      | Reached XP level 2. HP: 16/23 MP: 5/5
   125 | D:1      | Learned a level 2 spell: Sticks to Snakes
   819 | D:2      | Reached XP level 3. HP: 20/29 MP: 3/6
  1015 | D:2      | Found a hazy altar of Hepliaklqana.
  1052 | D:2      | Became a worshipper of Hepliaklqana the Forgotten
  1054 | D:2      | Reached skill level 4 in Unarmed Combat
  1303 | D:2      | Reached XP level 4. HP: 29/32 MP: 7/7
  1426 | D:2      | Found a stormy altar of Qazlal.
  2391 | D:3      | Noticed Grinder
  2411 | D:3      | Killed Grinder
  2411 | D:3      | Reached skill level 5 in Unarmed Combat
  2411 | D:3      | Reached XP level 5. HP: 5/40 MP: 3/8
  2411 | D:3      | Reached XP level 6. HP: 5/45 MP: 3/9
  2712 | D:3      | Reached * piety under Hepliaklqana
  2721 | D:3      | Found a snail-covered altar of Cheibriados.
  3117 | D:3      | Found a faded altar of an unknown god.
  3132 | D:3      | Noticed Sigmund
  3146 | D:3      | Noticed Natasha
  3172 | D:3      | HP: 1/45 [something/puff of flame (9)]
  3173 | D:3      | Killed Natasha
  3174 | D:3      | Killed from afar by Sigmund

Vault maps used:
D:1:      shiori_shiawase, st_stairs_4
D:2:      overflow_temple_1_default, lemuel_doored_altar, first_ration
D:3:      lemuel_crystal_altar, chequers_ecumenical_altar_island,
          kennysheep_nondescript, cheibriados_altar_1, uniq_natasha,
          uniq_grinder, uniq_sigmund

Skill      XL: |  1  2  3  4 |
---------------+-------------+-----
Fighting       | 2 3 |  3.5
Unarmed Combat | 4 5 |  5.4
Transmutations | 3 |  3.6
Dodging        | |  1.7
Spellcasting   | |  2.0

Action                   |  1- 3 |  4- 6 || total
-------------------------+-------+-------++-------
Melee: Unarmed           |   119 |   121 ||   240
       Tailslap          |    12 |    15 ||    27
       Kick              |     2 |       ||     2
       Punch             |     1 |     2 ||     3
 Cast: Sticks to Snakes  |     1 |     1 ||     2
       Beastly Appendage |     1 |       ||     1
Invok: Recall Ancestor   |       |     2 ||     2
  Use: Scroll            |       |     9 ||     9
       Potion            |       |     5 ||     5
 Stab: Distracted        |     1 |       ||     1
       Sleeping          |       |     1 ||     1
  Eat: Chunk             |     1 |     6 ||     7
Armor: Skin              |    53 |    23 ||    76
Dodge: Dodged            |    74 |    45 ||   119

Table legend:
 A = Spawn XP
 B = Non-spawn XP
 C = Spawn XP percentage of total XP
 D = Spawn monster count
 E = Non-spawn monster count
 F = Spawn count percentage of total count
 G = Total turns spent on level
                    A         B        C        D         E        F      G
               +---------+---------+-------+---------+---------+-------+---------
         Total |       0 |     473 |   0.0 |       0 |      68 |   0.0 |  3174
               +---------+---------+-------+---------+---------+-------+---------
           D:1 |       0 |      39 |   0.0 |       0 |      20 |   0.0 |   782
           D:2 |       0 |     103 |   0.0 |       0 |      33 |   0.0 |  1305
           D:3 |       0 |     331 |   0.0 |       0 |      15 |   0.0 |  1087
               +---------+---------+-------+---------+---------+-------+---------
